 Dungeon Crawl Stone Soup version 0.28.0 (webtiles) character file.

Game seed: 15536249294661769833

2676 mkm the Conjurer (level 9, -7/51 HPs)
             Began as a Gargoyle Fire Elementalist on Feb 12, 2022.
             Was a Follower of Vehumet.
             Killed by divine providence
             ... invoked by an orc priest
              (13 damage)
             ... on level 8 of the Dungeon.
             The game lasted 00:29:23 (11836 turns).

mkm the Conjurer (Gargoyle Fire Elementalist)      Turns: 11836, Time: 00:29:24

Health: -7/51      AC: 11    Str: 11    XL:     9   Next: 64%
Magic:  5/18       EV: 11    Int: 21    God:    Vehumet [*.....]
Gold:   365        SH:  0    Dex: 10    Spells: 13/20 levels left

rFire   + . .      SeeInvis .   v - +2 whip (flame)
rCold   . . .      Faith    .   t - +0 buckler
rNeg    + + .      Spirit   .   h - +0 leather armour {rF+}
rPois   ∞          Reflect  .   (no helmet)
rElec   +          Harm     .   (no cloak)
rCorr   .          Rampage  .   (no gloves)
Will    .....                   f - +0 pair of boots
Stlth   +.........              (no amulet)
HPRegen 0.17/turn               C - ring of positive energy
MPRegen 0.16/turn               (no ring)

@: confused
A: sickness immunity, AC +6, negative energy resistance 1, electricity
resistance, torment resistance 1, petrification resistance
a: Renounce Religion


You were on level 8 of the Dungeon.
You worshipped Vehumet.
Vehumet was aware of your devotion.
You visited 2 branches of the dungeon, and saw 9 of its levels.

You collected 365 gold pieces.

Inventory:

Hand Weapons
 b - a +0 club
 l - a +2 dagger of venom
 v - a +2 whip of flaming (weapon)
Armour
 a - a +0 robe
 f - a +0 pair of boots (worn)
 h - a +0 leather armour of fire resistance (worn)
 t - a +0 buckler (worn)
Jewellery
 o - a ring of ice
 y - an amulet of guardian spirit
 C - a ring of positive energy (left hand)
Wands
 r - a wand of paralysis (7)
 u - a wand of flame (12)
 z - a wand of iceblast (12)
Scrolls
 k - a scroll of brand weapon {unknown}
 m - 3 scrolls of teleportation
 n - a scroll of amnesia
 p - a scroll of fog {unknown}
 q - a scroll of vulnerability {unknown}
 w - a scroll of immolation {unknown}
 x - a scroll of silence {unknown}
 A - a scroll of torment {unknown}
 D - a scroll of enchant weapon {unknown}
 F - a scroll of summoning {unknown}
Potions
 c - 3 potions of flight
 d - a potion of ambrosia
 e - 6 potions of curing {unknown}
 g - a potion of berserk rage {unknown}
 i - 2 potions of heal wounds {unknown}
 j - 5 potions of lignification {unknown}
 s - a potion of resistance {unknown}
 B - a potion of brilliance {unknown}
 E - a potion of mutation {unknown}


   Skills:
 + Level 3.3 Fighting
 + Level 3.1 Maces & Flails
 + Level 3.3 Armour
 + Level 3.1 Dodging
 - Level 2.1 Stealth
 + Level 6.3 Spellcasting
 + Level 7.0 Conjurations
 + Level 6.7 Fire Magic


You had 13 spell levels left.
You knew the following spells:

 Your Spells              Type           Power      Damage    Failure   Level
a - Foxfire               Conj/Fire      100%       2x1d9     1%          1
b - Scorch                Fire           68%        2d8       1%          2
c - Flame Wave            Conj/Fire      35%        2d8       10%         4

Your spell library contained the following spells:

 Spells                   Type           Power      Damage    Failure   Level
 Shock                    Conj/Air       84%        1d8       4%          1
 Conjure Flame            Conj/Fire      35%        6-21      3%          3
 Inner Flame              Hex/Fire       20%        N/A       13%         3
 Ensorcelled Hibernation  Hex/Ice        12%        N/A       26%         2
 Spider Form              Tmut/Pois      6%         N/A       45%         3
 Anguish                  Hex/Necr       3%         N/A       86%         4


Dungeon Overview and Level Annotations

Branches:
Dungeon (8/15)             Temple (1/1) D:6
   Lair: D:8-11

Altars:
Cheibriados
Fedhas
Hepliaklqana
Kikubaaqudgha
Nemelex Xobeh
Qazlal
Vehumet
Yredelemnul
Zin
The Shining One

Shops:
D:5 :   D:6 [

Annotations:
D:6 Maggie


Innate Abilities, Weirdness & Mutations

You are immune to sickness and miasma.
Your stone body is resilient. (AC +6)
You are immune to poison.
You resist negative energy. (rN+)
You are resistant to electric shocks. (rElec)
You are resistant to unholy torment.
You are immune to petrification.


Message History

There is an open door here.
The orc wizard shouts!
The orc wizard casts a spell.
The orc wizard flickers and vanishes!
Deactivating autopickup; reactivate with Ctrl-A.
The orc wizard misses you.
You're too confused to cast spells.
Unknown command.
The orc wizard casts a spell at you.
You easily resist.
The orc wizard closely misses you.
The orc priest mumbles some strange prayers to Beogh against you.
You struggle to resist.
The orc wizard casts a spell.
The orc wizard flickers and vanishes!
The orc priest mumbles some strange prayers to Beogh against you.
Beogh smites you!
* * * LOW HITPOINT WARNING * * *
Unknown command.
You hear some strange, mumbled words.
You are more confused.
You're too confused to cast spells.
Unknown command.
Something hits you but does no damage.
You bump into the rock wall.
Something hits you.
* * * LOW HITPOINT WARNING * * *
Something hits you but does no damage.
You miss something.
Something hits you but does no damage. x2
The orc priest mumbles some strange prayers to Beogh against you.
Something writhes in agony!
You barely miss something.
Something hits you but does no damage. x2
You barely miss something. Something hits you but does no damage.
Something completely misses you.
You closely miss something. Something hits you.
* * * LOW HITPOINT WARNING * * *
Something hits you.
* * * LOW HITPOINT WARNING * * *
The orc priest calls down the wrath of Beogh upon you.
Beogh smites you!
You die...

# #. ##'## #...# # ##
#....<# ##.### .###
#/......# ##.#...#
...###.........####...##.##
...o.'o.......o'@{o........
)..###o.....?..####...##.#
.#o# #.......##...#.###
.{.# #.....# #.#.......#
#{.# #...# #.o.####### ...#
##+## ##.## #.## #.# #.#
...#### #.# #.#
......####.######.#


You could see an orc priest and an orc.

Vanquished Creatures
  Pikel (D:5)
  A water moccasin (D:8)
  An acid dragon (D:7)
  An orc warrior (D:8)
  A sky beast (D:5)
  A hornet zombie (D:5)
  2 black bears (D:5)
  2 centaurs (D:7)
  2 ogres
  A phantom (D:7)
  2 lemures (D:3)
  A water moccasin zombie (D:5)
  A bullfrog (D:7)
  A wyvern zombie (D:7)
  2 scorpions
  4 hounds
  2 orc priests
  A bullfrog skeleton (D:4)
  A gnoll shaman (D:5)
  A centaur skeleton (D:4)
  3 iguanas
  6 orc wizards
  A killer bee zombie (D:8)
  3 hound zombies (D:4)
  5 gnolls (D:5)
  7 adders
  A howler monkey skeleton (D:4)
  3 white imps
  An ufetubus (D:6)
  An adder zombie (D:4)
  3 adder skeletons
  2 worms (D:2)
  3 dart slugs
  18 orcs
  5 bats
  9 endoplasms
  4 giant cockroaches
  12 hobgoblins
  13 jackals
  9 quokkas
  10 ball pythons
  A frilled lizard (D:2)
  6 goblins
  8 kobolds
  9 rats
172 creatures vanquished.

Vanquished Creatures (collateral kills)
  8 foxfires
8 creatures vanquished.

Vanquished Creatures (others)
  An orc wizard (D:8)
  2 demonic plants (D:3)
  514 foxfires
  11 fungi (D:3)
  6 plants (D:3)
  5 withered plants (D:3)
539 creatures vanquished.

Grand Total: 719 creatures vanquished

Notes
Turn   | Place    | Note
-------+----------+-------------------------------------------
     0 | D:1      | mkm the Gargoyle Fire Elementalist began the quest for the
                  | Orb.
     0 | D:1      | Reached XP level 1. HP: 10/10 MP: 3/3
   267 | D:1      | Reached XP level 2. HP: 15/15 MP: 1/5
   383 | D:1      | Reached skill level 2 in Conjurations
   922 | D:1      | Reached XP level 3. HP: 19/19 MP: 3/6
  1925 | D:2      | Reached XP level 4. HP: 24/24 MP: 4/7
  1927 | D:2      | Reached skill level 3 in Conjurations
  2883 | D:3      | Learned a level 2 spell: Scorch
  3210 | D:3      | Reached XP level 5. HP: 28/28 MP: 6/9
  3268 | D:3      | Found a faded altar of an unknown god.
  3736 | D:4      | Noticed a lemure
  3739 | D:4      | Noticed Pikel
  4135 | D:4      | Noticed a lemure
  4367 | D:4      | Reached skill level 4 in Conjurations
  4543 | D:4      | Noticed a lemure
  4549 | D:4      | Noticed a lemure
  4554 | D:3      | Reached XP level 6. HP: 21/32 MP: 4/11
  5212 | D:4      | HP: 1/32 [ogre (21)]
  5585 | D:5      | Entered Level 5 of the Dungeon
  5620 | D:5      | Reached XP level 7. HP: 34/36 MP: 4/13
  5967 | D:5      | Reached skill level 5 in Conjurations
  5967 | D:5      | Reached skill level 5 in Fire Magic
  6055 | D:5      | Found Meusch's Book Emporium.
  6826 | D:5      | Reached skill level 5 in Spellcasting
  6940 | D:5      | Reached XP level 8. HP: 32/41 MP: 10/15
  7767 | D:5      | Reached skill level 6 in Conjurations
  8125 | D:6      | Found a staircase to the Ecumenical Temple.
  8136 | Temple   | Entered the Ecumenical Temple
  8308 | Temple   | Became a worshipper of Vehumet
  8753 | D:5      | Killed Pikel
  8754 | D:5      | Reached skill level 1 in Maces & Flails
  9153 | D:4      | Reached XP level 9. HP: 48/48 MP: 13/17
  9383 | D:6      | Learned a level 4 spell: Flame Wave
  9550 | D:6      | Found Maxzah's Armour Emporium.
  9674 | D:6      | Noticed Maggie
 10512 | D:7      | Reached * piety under Vehumet
 10512 | D:7      | Offered knowledge of Shock by Vehumet.
 11619 | D:8      | Reached skill level 7 in Conjurations
 11836 | D:8      | Killed from afar by an orc priest

Illustrated notes

Levels and vault maps discovered:
D:1:      saegor_arrival_fortress, layout_basic, serial_forest,
          infiniplex_forest_lined_1, infiniplex_forest_lined_3_way,
          infiniplex_forest_straight_4, infiniplex_forest_fountain,
          infiniplex_forest_join, infiniplex_forest_straight_4,
          infiniplex_forest_lined_1, infiniplex_forest_clump_curved
D:2:      layout_basic, grunt_decor_resistance
D:3:      layout_rooms, shapermc_ecumenical_altar_gd
D:4:      layout_loops_ring, serial_undead, serial_undead_e, serial_undead_c,
          serial_undead_e, serial_undead_d, small_statue_intersection,
          uniq_pikel
D:5:      layout_basic, serial_shops, nicolae_shop_crystal,
          wad_floor_pattern_untrapped, hangedman_abyss_or_decor_jellyfish_corner
D:6:      layout_layer_cave, minmay_temple_entry_water_ring, serial_shops,
          nicolae_square_shop, corexii_corridor_pit, uniq_maggie
D:7:      layout_basic
D:8:      layout_loops_corners, special_room [special_room_orc]
Temple:   mainiacjoe_temple_trianglar_array

Skill      XL: |  1  2  3  4  5  6  7  8  9 |
---------------+----------------------------+-----
Conjurations   | 2 3 4 5 6 7 |  7.0
Spellcasting   | 3 4 5 6 |  6.3
Fire Magic     | 4 5 6 |  6.7
Fighting       | 2 3 |  3.3
Maces & Flails | 2 3 |  3.1
Armour         | 2 3 |  3.3
Dodging        | 2 3 |  3.1
Stealth        | |  2.1

Action                   |  1- 3 |  4- 6 |  7- 9 || total
-------------------------+-------+-------+-------++-------
Melee: Club              |    20 |       |       ||    20
       Punch             |     1 |       |       ||     1
       Whip              |       |       |     7 ||     7
       Dagger            |       |       |     1 ||     1
 Cast: Foxfire           |    54 |   104 |   134 ||   292
       Scorch            |       |    14 |    47 ||    61
       Flame Wave        |       |       |     9 ||     9
  Use: Scroll            |       |     1 |     4 ||     5
Armor: Robe              |    14 |    26 |    69 ||   109
       Leather armour    |       |       |    10 ||    10
Dodge: Dodged            |    30 |    39 |   101 ||   170
Block: Buckler           |       |       |    19 ||    19
